 Dungeon Crawl Stone Soup version 0.28-a0-1486-g8196b01e9b (console) character file.

Game seed: 14505060189800319338

298 Banquo the Magician (level 6, 0/46 HPs)
             Began as a Djinni Cinder Acolyte on Jan 12, 2022.
             Was a High Priest of Ignis.
             Slain by an ogre (8 damage)
             ... on level 4 of the Dungeon.
             The game lasted 00:14:20 (4957 turns).

Banquo the Magician (Djinni Cinder Acolyte)         Turns: 4957, Time: 00:14:25

Health: 0/46       AC: 13    Str: 13    XL:     6   Next: 63%
Gold:   93         EV: 10    Int: 17    God:    Ignis [*****.] SH:  0 Dex:  9

rFire   + + +      SeeInvis .   a - -1 short sword (flame)
rCold   . . .      Faith    .   (no shield)
rNeg    . . .      Spirit   .   m - +0 ring mail {rC+}
rPois   ∞          Reflect  .   (no helmet)
rElec   .          Harm     .   (no cloak)
rCorr   .          Rampage  .   g - +0 pair of gloves
Will    .....                   (boots unavailable)
Stlth   ..........              x - amulet of the acrobat
HPRegen 0.15/turn               (no ring)
MPRegen 0.00/turn               (no ring)

@: fiery-armoured, flying, very slightly contaminated
A: sickness immunity, fire resistance 2, cold vulnerability 1, float, innate
caster, hp casting, extra vitality 1
a: Renounce Religion, Fiery Armour, Foxfire Swarm, Rising Flame


You were on level 4 of the Dungeon.
You worshipped Ignis.
Ignis was extremely pleased with you.
You visited 1 branch of the dungeon, and saw 4 of its levels.
You also visited: Sewer.

You collected 123 gold pieces.
You spent 30 gold pieces at shops.

Inventory:

Hand Weapons
 a - a -1 short sword of flaming (weapon)
 b - a +0 short sword
 c - a +0 hunting sling
 e - a +0 short sword
 s - a +1 short sword of holy wrath
 u - a +0 spear
Missiles
 f - 62 stones
 l - 2 curare-tipped darts
 t - 4 boomerangs
 y - 8 poisoned darts
Armour
 d - a +0 robe
 g - a +0 pair of gloves (worn)
 m - a +0 ring mail of cold resistance (worn)
Magical Staves
 w - a staff of earth
Jewellery
 o - a ring of fire
 x - an amulet of the acrobat (around neck)
Scrolls
 h - a scroll of magic mapping {unknown}
 i - a scroll of teleportation
 n - a scroll of torment {unknown}
 r - a scroll of vulnerability {unknown}
 z - a scroll of identify {unknown}
 A - a scroll of fear {unknown}
 C - a scroll of fog {unknown}
 G - a scroll of amnesia {unknown}
 H - a scroll of acquirement {unknown}
Potions
 j - 3 potions of brilliance {unknown}
 k - a potion of curing {unknown}
 p - 3 potions of cancellation {unknown}
 q - 2 potions of might {unknown}
 v - 3 potions of haste {unknown}
 B - a potion of heal wounds {unknown}
 D - a potion of experience {unknown}
 E - 2 potions of mutation {unknown}
 F - a potion of ambrosia {unknown}


   Skills:
 + Level 3.1 Fighting
 + Level 3.2 Short Blades
 * Level 1.6 Armour
 + Level 2.2 Dodging
 + Level 4.4 Spellcasting


You had 8 spell levels left.
You knew the following spells:

 Your Spells              Type           Power      Damage    Failure   Level
a - Scorch                Fire           36%        2d6       8%          2
b - Apportation           Tloc           36%        N/A       5%          1
z - Searing Ray           Conj           36%        2d5       8%          2
Your spell library was empty.

Dungeon Overview and Level Annotations

Branches:
Dungeon (4/15)              Sewer (visited)
 Temple: D:4-7

Altars:
Fedhas
Gozag

Shops:
D:1 *


Innate Abilities, Weirdness & Mutations

You are immune to sickness and miasma.
You are immune to poison.
Your flesh is very heat resistant. (rF++)
You are vulnerable to cold. (rC-)
You float through the air rather than walking.
You learn spells naturally, not from books.
Your magical power is your life essence.
You have superior vitality. (+4 MHP)


Message History

Unknown command.
Casting: Scorch (safe; 8% risk of failure)
Confirm with . or Enter, or press ? or * to list all spells.
Flames lash the ogre.
The ogre is heavily wounded.
The ogre's fire resistance burns away.
The ogre hits you with a +0 giant club.
The ogre is burned terribly!
The ogre is burned by your cloak of flames.
The ogre is severely wounded.
The adder skeleton is no longer more vulnerable to fire.
The dart slug is no longer more vulnerable to fire.
The ogre misses you.
Casting: Scorch (safe; 8% risk of failure)
Confirm with . or Enter, or press ? or * to list all spells.
You miscast Scorch.
You are very lightly contaminated with residual magic.
Nothing appears to happen.
* * * LOW HITPOINT WARNING * * *
The adder skeleton closely misses you. The ogre barely misses you.
The adder skeleton bites you but does no damage.
The adder skeleton is burned by your cloak of flames.
You destroy the adder skeleton!
The ogre is no longer more vulnerable to fire.
Casting: Scorch (safe; 8% risk of failure)
Confirm with . or Enter, or press ? or * to list all spells.
You miscast Scorch.
Nothing appears to happen.
* * * LOW HITPOINT WARNING * * *
Casting: Scorch (safe; 8% risk of failure)
Confirm with . or Enter, or press ? or * to list all spells.
You miscast Scorch.
Nothing appears to happen.
* * * LOW HITPOINT WARNING * * *
The ogre misses you.
Casting: Scorch (safe; 8% risk of failure)
Confirm with . or Enter, or press ? or * to list all spells.
Flames lash the ogre.
The ogre is almost dead.
The ogre's fire resistance burns away.
* * * LOW HITPOINT WARNING * * *
The ogre hits you with a +0 giant club!
You die...

#.# #.........#.##
##.###...#####.#.##
#..............#...
#..†.##############
##<#.# #.#.#####
#w....... #O#.#####
#@#... #.##### #..
##########
#...<#...# ##
#.####.#.# ..#. #.#
#.#.# #.#. #.#
#.#.# #.#. #.#
#.#.# #.#.


You could see an ogre (combustible) and a dart slug.

Vanquished Creatures
  Pargi (Sewer)
  A hound (D:4)
  Natasha (thrice) (D:2)
  3 adders
  2 adder skeletons (D:4)
  2 dart slugs (D:1)
  An orc (D:3)
  7 bats
  7 endoplasms
  5 giant cockroaches
  6 goblins
  5 hobgoblins
  A quokka (D:2)
  6 ball pythons
  10 frilled lizards
  7 kobolds
  7 rats
74 creatures vanquished.

Notes
Turn   | Place    | Note
-------+----------+-------------------------------------------
     0 | D:1      | Banquo the Djinni Cinder Acolyte began the quest for the
                  | Orb.
     0 | D:1      | Reached XP level 1. HP: 20/20 MP: 0/0
   275 | D:1      | Reached XP level 2. HP: 18/25 MP: 0/0
   813 | D:1      | Found a faded altar of an unknown god.
   890 | D:1      | Found Binea's General Store.
   899 | D:1      | Bought a scroll of teleportation for 30 gold pieces
   911 | D:1      | Reached XP level 3. HP: 28/30 MP: 0/0
   911 | D:1      | Learned a level 1 spell: Apportation
  1393 | D:2      | Found an opulent altar of Gozag.
  1512 | D:2      | Noticed Natasha
  1522 | D:2      | Killed Natasha
  1523 | D:2      | Reached skill level 3 in Spellcasting
  1523 | D:2      | Reached XP level 4. HP: 2/35 MP: 0/0
  1956 | D:2      | Noticed Natasha
  2171 | D:2      | Reached skill level 1 in Dodging
  2211 | D:2      | Killed Natasha
  2768 | D:2      | Found an opulent altar of Gozag.
  3022 | D:2      | Noticed Natasha
  3026 | D:2      | Killed Natasha
  3027 | D:2      | Reached XP level 5. HP: 34/40 MP: 0/0
  3027 | D:2      | Learned a level 2 spell: Searing Ray
  3483 | D:3      | Found a blossoming altar of Fedhas.
  3584 | D:3      | Found a glowing drain.
  3697 | Sewer    | Entered a sewer
  3825 | Sewer    | Noticed Pargi
  3845 | Sewer    | Killed Pargi
  3846 | Sewer    | Reached skill level 1 in Armour
  3846 | Sewer    | Reached skill level 4 in Spellcasting
  3846 | Sewer    | Reached XP level 6. HP: 40/46 MP: 0/0
  4920 | D:4      | Noticed an ogre
  4957 | D:4      | Slain by an ogre

Illustrated notes

Levels and vault maps discovered:
D:1:      kennysheep_arrival_forest, layout_basic,
          dreamdust_ecumenical_altar_statues, serial_shops, shop
D:2:      layout_loops_ring, basic_altar, kennysheep_generic_room_7,
          uniq_natasha
D:3:      layout_basic, lemuel_tele_altar, portal_sewer_entry_b
D:4:      layout_basic, yredelemnul_altar_generic, minmay_bent

Skill      XL: |  1  2  3  4  5 |
---------------+----------------+-----
Short Blades   | 3 |  3.2
Spellcasting   | 3 4 |  4.4
Dodging        | 2 |  2.2
Armour         | 1 |  1.6
Fighting       | |  3.1

Action                   |  1- 3 |  4- 6 || total
-------------------------+-------+-------++-------
Melee: Short sword       |    22 |       ||    22
       Punch             |     1 |       ||     1
 Cast: Scorch            |    27 |    57 ||    84
       Searing Ray       |       |     4 ||     4
Invok: Fiery Armour      |     1 |     1 ||     2
Armor: Robe              |     9 |       ||     9
       Ring mail         |     2 |     6 ||     8
Dodge: Dodged            |    19 |    32 ||    51

Table legend: (Time is in decaauts)
 A = Elapsed time spent in this place.
 B = Non-inter-level travel time spent in this place.
 C = Inter-level travel time spent in this place.
 D = Time resting spent in this place.
 E = Time spent auto-exploring this place.
 F = Levels seen in this place.
 G = Mean time per level.
                   A        B        C        D        E       F      G
               +--------+--------+--------+--------+--------+-----+--------+
         Total |   4967 |   4766 |    201 |    576 |   3240 |   5 |  993.4 |
       Dungeon |   4669 |   4468 |    201 |    509 |   3182 |   4 | 1167.2 |
         Sewer |    297 |    297 |      0 |     67 |     58 |   1 |  297.0 |
               +--------+--------+--------+--------+--------+-----+--------+

Top non-repeatable levels by time:
     D:2: 2127 daAuts
     D:1: 1245 daAuts
     D:3: 1033 daAuts
   Sewer: 297 daAuts
     D:4: 263 daAuts
